 Dungeon Crawl Stone Soup version 0.27-a0-819-g058290f16d (webtiles) character file.

Game seed: 17185943633161598796

71 polve the Slasher (level 4, -1/35 HPs)
             Began as a Demonspawn Abyssal Knight on Mar 29, 2021.
             Was a Follower of Lugonu.
             Slain by Natasha (8 damage)
             ... on level 2 of the Dungeon.
             The game lasted 00:02:16 (2096 turns).

polve the Slasher (Demonspawn Abyssal Knight)       Turns: 2096, Time: 00:02:16

Health: -1/35      AC:  7    Str: 12    XL:     4   Next: 5%
Magic:  5/5        EV: 10    Int: 14    God:    Lugonu [*.....]
Gold:   49         SH:  0    Dex: 13    Spells: 3/3 levels left

rFire    . . .     SeeInvis .   a - +1 falchion
rCold    . . .     Faith    .   (no shield)
rNeg     . . .     Spirit   .   j - +0 ring mail
rPois    .         Reflect  .   d - +0 helmet
rElec    .         Harm     .   (no cloak)
rCorr    .         Rampage  .   (no gloves)
Will     .....                  (no boots)
Stlth    +.........             (no amulet)
HPRegen  0.11/turn              (no ring)
MPRegen  0.09/turn              (no ring)

@: no status effects
A: claws 1, demonic guardian 1, sharp scales 1
a: Renounce Religion, Depart the Abyss


You were on level 2 of the Dungeon.
You worshipped Lugonu.
Lugonu was aware of your devotion.
You visited 1 branch of the dungeon, and saw 2 of its levels.
You visited the Abyss 1 time.

You collected 49 gold pieces.

Inventory:

Hand Weapons
 a - a +1 falchion (weapon)
Armour
 d - a +0 helmet (worn)
 j - a +0 ring mail (worn)
Jewellery
 k - a ring of flight
Scrolls
 c - a scroll of amnesia {unknown}
 e - a scroll of noise {unknown}
 f - a scroll of enchant weapon {unknown}
 g - a scroll of vulnerability {unknown}
 h - a scroll of brand weapon {unknown}
 i - a scroll of identify {unknown}
Potions
 b - a potion of flight {unknown}


   Skills:
 - Level 3.0 Fighting
 - Level 4.0 Long Blades
 - Level 1.7 Armour
 - Level 0.8 Dodging
 + Level 0.0 Unarmed Combat
 - Level 2.4 Invocations


You had 3 spell levels left.
You didn't know any spells.
Your spell library was empty.

Dungeon Overview and Level Annotations

Branches:
Dungeon (2/15)

Altars:

Annotations:
D:2 Natasha


Innate Abilities, Weirdness & Mutations

You have sharp fingernails.
A weak demonic guardian rushes to your aid.
You are partially covered in razor-sharp scales. (AC +1, Slay +1)


Message History

Natasha hisses angrily.
Natasha howls an incantation.
You feel troubled.
You barely miss Natasha.
Natasha drinks a potion.
Natasha seems to speed up.
You hit Natasha.
Natasha is lightly wounded.
Natasha growls.
Natasha casts a spell at you. You resist with some effort.
Natasha barely misses you.
You hit Natasha.
Natasha is heavily wounded.
Natasha stares at you and mumbles some strange words.
The magic dart hits you but does no damage.
You hit Natasha but do no damage.
Natasha is heavily wounded.
Natasha closely misses you.
You riposte.
Your ring mail prevents you from hitting Natasha.
Natasha is heavily wounded.
Natasha stares at you and mumbles some strange words.
The magic dart hits you.
* * * LOW HITPOINT WARNING * * *
You hit Natasha but do no damage.
Natasha is heavily wounded.
Natasha claws you but does no damage. x2
You completely miss Natasha.
Natasha is heavily wounded.
Natasha claws you but does no damage.
You barely miss Natasha.
Natasha is heavily wounded.
Your shadow imp disappears in a puff of smoke!
Natasha claws you.
* * * LOW HITPOINT WARNING * * *
Natasha closely misses you.
You hit Natasha.
Natasha is severely wounded.
Natasha closely misses you. Natasha barely misses you.
You closely miss Natasha.
Natasha is severely wounded.
Natasha claws you!
You die...

##.###.#
#.# ###
#.# #.#
#.# #.#
#.# #..
#.# ###
#w# #.#
#.########
#.@h......
##########


You could see a worm and Natasha (fast).

Vanquished Creatures
  Natasha (D:2)
  An adder (D:2)
  2 bats
  3 endoplasms
  5 giant cockroaches
  2 goblins
  4 hobgoblins (D:1)
  6 jackals (D:1)
  A kobold (D:2)
  2 quokkas
  A ball python (D:2)
  A frilled lizard (D:2)
  2 rats (D:1)
31 creatures vanquished.

Vanquished Creatures (collateral kills)
  An adder (D:2)
  A jackal (D:1)
2 creatures vanquished.

Grand Total: 33 creatures vanquished

Notes
Turn   | Place    | Note
-------+----------+-------------------------------------------
     0 | Abyss:1  | polve the Demonspawn Abyssal Knight began the quest for the
                  | Orb.
     0 | Abyss:1  | Reached XP level 1. HP: 18/18 MP: 2/2
    13 | Abyss:1  | Found a burning altar of Makhleb.
    29 | Abyss:1  | Found a corrupted altar of Lugonu.
    64 | Abyss:1  | Noticed a revenant
    65 | D:1      | Escaped the Abyss
   193 | D:1      | Reached skill level 2 in Long Blades
   370 | D:1      | Reached * piety under Lugonu
   477 | D:1      | Gained mutation: A weak demonic guardian rushes to your
                  | aid. [demonic ancestry]
   477 | D:1      | Reached XP level 2. HP: 6/24 MP: 3/3
  1254 | D:1      | Reached skill level 3 in Long Blades
  1771 | D:2      | Gained mutation: You are partially covered in razor-sharp
                  | scales. (AC +1, Slay +1) [demonic ancestry]
  1771 | D:2      | Reached XP level 3. HP: 27/29 MP: 4/4
  2055 | D:2      | Noticed Natasha
  2079 | D:2      | Killed Natasha
  2080 | D:2      | Reached skill level 4 in Long Blades
  2080 | D:2      | Gained mutation: You have sharp fingernails. [demonic
                  | ancestry]
  2080 | D:2      | Reached XP level 4. HP: 10/35 MP: 5/5
  2086 | D:2      | Noticed Natasha
  2096 | D:2      | Slain by Natasha

Illustrated notes

Levels and vault maps discovered:
D:1:      dpeg_arrival_boxorama, layout_loops_ring, st_stairs_8,
          amcnicky_mini_corridor_feature
D:2:      layout_loops_ring, uniq_natasha

Skill      XL: |  1  2  3 |
---------------+----------+-----
Long Blades    | 2 3 4 |  4.0
Fighting       | |  3.0
Armour         | |  1.7
Dodging        | |  0.8
Invocations    | |  2.4

Action                   |  1- 3 |  4- 6 || total
-------------------------+-------+-------++-------
Melee: Falchion          |   114 |     9 ||   123
Invok: Depart the Abyss  |     1 |       ||     1
Armor: Leather armour    |    44 |       ||    44
       Ring mail         |    22 |     4 ||    26
Dodge: Dodged            |    83 |     5 ||    88
       Rpst.: Falchion   |    26 |     1 ||    27

Table legend: (Time is in decaauts)
 A = Elapsed time spent in this place.
 B = Non-inter-level travel time spent in this place.
 C = Inter-level travel time spent in this place.
 D = Time resting spent in this place.
 E = Time spent auto-exploring this place.
 F = Levels seen in this place.
 G = Mean time per level.
                   A        B        C        D        E       F      G
               +--------+--------+--------+--------+--------+-----+--------+
         Total |   2114 |   1974 |    140 |      2 |   1670 |   3 |  704.7 |
       Dungeon |   2049 |   1909 |    140 |      2 |   1607 |   2 | 1024.5 |
         Abyss |     65 |     65 |      0 |      0 |     63 |   1 |   65.0 |
               +--------+--------+--------+--------+--------+-----+--------+

Top non-repeatable levels by time:
     D:1: 1678 daAuts
     D:2: 371 daAuts
 Abyss:1: 65 daAuts
